| TOP OF THE 1ST |
|
Indianapolis Indians batting - Pitching for Iowa Cubs : RHP Chris Allen
|
|
Pitching: RHP Chris Allen
|
|
|
Batting: LHB Jorge Quintana
|
0-0: Foul Ball, location: 2F 0-1: Ball 1-1: Ball 2-1: Foul Ball, location: 2F 2-2: SINGLE (Groundball, 6D, EV 101.9 MPH)
|
|
Batting: RHB David Contreras
|
0-0: Ball 1-0: Called Strike 1-1: Ball 2-1: Swinging Strike 2-2: Strikes out swinging
|
|
Batting: RHB Mike Cochran
|
0-0: Ball Jorge Quintana is caught stealing 2nd base 2-4 1-0: Called Strike 1-1: Ball 2-1: Swinging Strike 2-2: Strikes out swinging
|
| Top of the 1st over - 0 runs, 1 hit, 0 errors, 0 left on base; Indianapolis 0 - Iowa 0 |
| BOTTOM OF THE 1ST |
|
Iowa Cubs batting - Pitching for Indianapolis Indians : RHP Juan Lucero
|
|
Pitching: RHP Juan Lucero
|
|
|
Batting: LHB Barend van der Kamp
|
0-0: Called Strike 0-1: Ball 1-1: Ground out 4-3 (Groundball, 4M, EV 100.0 MPH)
|
|
Batting: RHB Pat Barton
|
0-0: Called Strike 0-1: Called Strike 0-2: Ball 1-2: Ball 2-2: Foul Ball, location: 2F 2-2: Strikes out looking
|
|
Batting: SHB Seung-ho Zhang
|
0-0: Ball 1-0: Ball 2-0: Called Strike 2-1: Ball 3-1: Base on Balls
|
|
Batting: RHB Butch Koglin
|
0-0: Ball Seung-ho Zhang steals 2nd base 1-0: 2-RUN HOME RUN (Flyball, 78XD, EV 102.5 MPH), Distance : 412 ft
|
|
Batting: SHB Nick Chandler
|
0-0: Ball 1-0: Swinging Strike 1-1: Called Strike 1-2: Strikes out swinging
|
| Bottom of the 1st over - 2 runs, 1 hit, 0 errors, 0 left on base; Indianapolis 0 - Iowa 2 |
| TOP OF THE 2ND |
|
Indianapolis Indians batting - Pitching for Iowa Cubs : RHP Chris Allen
|
|
Batting: LHB Pat Sutton
|
0-0: Ball 1-0: Ball 2-0: Called Strike 2-1: Ball 3-1: Fly out, F9 (Flyball, 9, EV 91.2 MPH)
|
|
Batting: SHB Ben Myers
|
0-0: Ball 1-0: Ball 2-0: Swinging Strike 2-1: Called Strike 2-2: Foul Ball, location: 2F 2-2: Strikes out swinging
|
|
Batting: RHB Bubba Tierney
|
0-0: Ball 1-0: Called Strike 1-1: Ball 2-1: Ball 3-1: Base on Balls
|
|
Batting: LHB Marc Carter
|
0-0: Ball Bubba Tierney is caught stealing 2nd base 2-6
|
| Top of the 2nd over - 0 runs, 0 hits, 0 errors, 0 left on base; Indianapolis 0 - Iowa 2 |
| BOTTOM OF THE 2ND |
|
Iowa Cubs batting - Pitching for Indianapolis Indians : RHP Juan Lucero
|
|
Batting: LHB Chris Morgan
|
0-0: Called Strike 0-1: Ball 1-1: Fly out, F7 (Flyball, 7D, EV 95.0 MPH)
|
|
Batting: LHB J.D. Brenner
|
0-0: Ball 1-0: Ball 2-0: Called Strike 2-1: Swinging Strike 2-2: Ball 3-2: Foul Ball, location: 2F 3-2: Strikes out swinging
|
|
Batting: LHB Rich Atterberry
|
0-0: Called Strike 0-1: Ball 1-1: Ball 2-1: Ball 3-1: Base on Balls
|
|
Batting: LHB Jose Mojica
|
0-0: Called Strike 0-1: Swinging Strike 0-2: Strikes out swinging
|
| Bottom of the 2nd over - 0 runs, 0 hits, 0 errors, 1 left on base; Indianapolis 0 - Iowa 2 |
| TOP OF THE 3RD |
|
Indianapolis Indians batting - Pitching for Iowa Cubs : RHP Chris Allen
|
|
Batting: LHB Marc Carter
|
0-0: Ball 1-0: Called Strike 1-1: Called Strike 1-2: Foul Ball, location: 2F 1-2: Ball 2-2: Ball 3-2: Strikes out swinging
|
|
Batting: RHB Kirk Seiffert
|
0-0: Called Strike 0-1: Ball 1-1: Called Strike 1-2: Ground out U3 (Groundball, 34S, EV 87.5 MPH)
|
|
Batting: RHB Jorge Cruz
|
0-0: Ball 1-0: Foul Ball, location: 2F 1-1: Ball 2-1: Ball 3-1: Foul Ball, location: 2F 3-2: Base on Balls
|
|
Batting: LHB Jorge Quintana
|
0-0: Called Strike 0-1: Swinging Strike 0-2: Foul Ball, location: 2F 0-2: Ball 1-2: Strikes out swinging
|
| Top of the 3rd over - 0 runs, 0 hits, 0 errors, 1 left on base; Indianapolis 0 - Iowa 2 |
| BOTTOM OF THE 3RD |
|
Iowa Cubs batting - Pitching for Indianapolis Indians : RHP Juan Lucero
|
|
Batting: LHB Barend van der Kamp
|
0-0: Called Strike 0-1: Called Strike 0-2: Ground out U3 (Groundball, 34, EV 102.5 MPH)
|
|
Batting: RHB Pat Barton
|
0-0: Called Strike 0-1: Ball 1-1: Called Strike 1-2: Foul Ball, location: 2F 1-2: Ball 2-2: Foul Ball, location: 2F 2-2: Foul Ball, location: 2F 2-2: Fly out, F7 (Flyball, 78D, EV 101.2 MPH)
|
|
Batting: SHB Seung-ho Zhang
|
0-0: Swinging Strike 0-1: Foul Ball, location: 2F 0-2: Strikes out swinging
|
| Bottom of the 3rd over - 0 runs, 0 hits, 0 errors, 0 left on base; Indianapolis 0 - Iowa 2 |
| TOP OF THE 4TH |
|
Indianapolis Indians batting - Pitching for Iowa Cubs : RHP Chris Allen
|
|
Batting: RHB David Contreras
|
0-0: Fly out, F7 (Line Drive, 7D, EV 87.5 MPH)
|
|
Batting: RHB Mike Cochran
|
0-0: Fly out, F7 (Line Drive, 7, EV 97.5 MPH)
|
|
Batting: LHB Pat Sutton
|
0-0: Foul Ball, location: 2F 0-1: Ball 1-1: Foul Ball, location: 2F 1-2: Ground out 4-3 (Groundball, 4, EV 81.2 MPH)
|
| Top of the 4th over - 0 runs, 0 hits, 0 errors, 0 left on base; Indianapolis 0 - Iowa 2 |
| BOTTOM OF THE 4TH |
|
Iowa Cubs batting - Pitching for Indianapolis Indians : RHP Juan Lucero
|
|
Batting: RHB Butch Koglin
|
0-0: Ground out 5-3 (Groundball, 5, EV 83.8 MPH)
|
|
Batting: SHB Nick Chandler
|
0-0: Ball 1-0: Called Strike 1-1: Foul Ball, location: 2F 1-2: Ball 2-2: Ball 3-2: Ground out 4-3 (Groundball, 4, EV 97.5 MPH)
|
|
Batting: LHB Chris Morgan
|
0-0: Foul Ball, location: 2F 0-1: Ball 1-1: Foul Ball, location: 2F 1-2: Ball 2-2: Strikes out swinging
|
| Bottom of the 4th over - 0 runs, 0 hits, 0 errors, 0 left on base; Indianapolis 0 - Iowa 2 |
| TOP OF THE 5TH |
|
Indianapolis Indians batting - Pitching for Iowa Cubs : RHP Chris Allen
|
|
Batting: SHB Ben Myers
|
0-0: Called Strike 0-1: Ball 1-1: Hit by Pitch
|
|
Batting: RHB Bubba Tierney
|
0-0: Ball 1-0: Ball 2-0: Called Strike 2-1: Called Strike 2-2: Foul Ball, location: 2F 2-2: Ball 3-2: Strikes out looking
|
|
Batting: LHB Marc Carter
|
0-0: DOUBLE (Line Drive, 7LM, EV 110.0 MPH) Ben Myers to third
|
|
Batting: RHB Kirk Seiffert
|
0-0: Ground out 6-3 (Groundball, 6, EV 98.8 MPH) Ben Myers scores
|
|
Batting: RHB Jorge Cruz
|
0-0: Called Strike 0-1: Foul Ball, location: 2F 0-2: Foul Ball, location: 2F 0-2: Foul Ball, location: 2F 0-2: Strikes out swinging
|
| Top of the 5th over - 1 run, 1 hit, 0 errors, 1 left on base; Indianapolis 1 - Iowa 2 |
| BOTTOM OF THE 5TH |
|
Iowa Cubs batting - Pitching for Indianapolis Indians : RHP Juan Lucero
|
|
Batting: LHB J.D. Brenner
|
0-0: Called Strike 0-1: Ball 1-1: Swinging Strike 1-2: Foul Ball, location: 2F 1-2: Strikes out swinging
|
|
Batting: LHB Rich Atterberry
|
0-0: Called Strike 0-1: Swinging Strike 0-2: Ball 1-2: Ball 2-2: Fly out, F7 (Flyball, 7LS, EV 81.2 MPH)
|
|
Batting: LHB Jose Mojica
|
0-0: Foul Ball, location: 2F 0-1: Fly out, F7 (Flyball, 78M, EV 80.0 MPH)
|
| Bottom of the 5th over - 0 runs, 0 hits, 0 errors, 0 left on base; Indianapolis 1 - Iowa 2 |
| TOP OF THE 6TH |
|
Indianapolis Indians batting - Pitching for Iowa Cubs : RHP Chris Allen
|
|
Batting: LHB Jorge Quintana
|
0-0: Ball 1-0: Ball 2-0: Called Strike 2-1: Ball 3-1: DOUBLE (Line Drive, 9LS, EV 95.6 MPH)
|
|
Batting: RHB David Contreras
|
0-0: Ball 1-0: Ball 2-0: Swinging Strike 2-1: Ground out 4-3 (Groundball, 34, EV 82.5 MPH) Jorge Quintana to third
|
|
Batting: RHB Mike Cochran
|
0-0: Ball 1-0: SINGLE (Groundball, 56D, EV 100.0 MPH) Jorge Quintana scores
|
|
Batting: LHB Pat Sutton
|
0-0: Ball 1-0: Ball 2-0: SINGLE (Groundball, 34D, EV 105.0 MPH) Mike Cochran to second
|
|
Batting: SHB Ben Myers
|
0-0: Fly out, F6 (Popup, 6M, EV 57.5 MPH)
|
|
Batting: RHB Bubba Tierney
|
0-0: SINGLE (Groundball, 56D, EV 106.2 MPH) Mike Cochran to third Pat Sutton to second Runner from 3rd tries for Home, SAFE, throw by LF to home
|
|
Pitching: RHP Andy Temples
|
|
|
Batting: LHB Marc Carter
|
0-0: Called Strike 0-1: Swinging Strike 0-2: Ball 1-2: Ball 2-2: Foul Ball, location: 2F 2-2: Foul Ball, location: 2F 2-2: Foul Ball, location: 2F 2-2: Ball 3-2: Foul Ball, location: 2F 3-2: Strikes out swinging
|
| Top of the 6th over - 2 runs, 4 hits, 0 errors, 2 left on base; Indianapolis 3 - Iowa 2 |
| BOTTOM OF THE 6TH |
|
Iowa Cubs batting - Pitching for Indianapolis Indians : RHP Juan Lucero
|
|
Batting: LHB Barend van der Kamp
|
0-0: Ball 1-0: Ball 2-0: Ball 3-0: Base on Balls
|
|
Batting: RHB Pat Barton
|
0-0: Ball 1-0: Called Strike 1-1: Ball 2-1: Ball 3-1: Foul Ball, location: 2F 3-2: DOUBLE (Line Drive, 89D, EV 109.4 MPH) Barend van der Kamp to third Barend van der Kamp scores
|
|
Batting: SHB Seung-ho Zhang
|
0-0: Ball 1-0: Ball 2-0: Ball 3-0: Foul Ball, location: 2F 3-1: Base on Balls
|
|
Batting: RHB Butch Koglin
|
0-0: Ground out 4-3 (Groundball, 4S, EV 66.2 MPH) Pat Barton to third Seung-ho Zhang to second
|
|
Batting: SHB Nick Chandler
|
0-0: Foul Ball, location: 2F 0-1: Ball 1-1: Ball 2-1: Ground out 6-3 (Groundball, 6, EV 87.5 MPH) Pat Barton scores Seung-ho Zhang to third
|
|
Batting: LHB Chris Morgan
|
0-0: Ball 1-0: Foul Ball, location: 2F 1-1: Swinging Strike 1-2: Foul Ball, location: 2F 1-2: Foul Ball, location: 2F 1-2: Strikes out swinging
|
| Bottom of the 6th over - 2 runs, 1 hit, 0 errors, 1 left on base; Indianapolis 3 - Iowa 4 |
| TOP OF THE 7TH |
|
Indianapolis Indians batting - Pitching for Iowa Cubs : RHP Andy Temples
|
|
Batting: RHB Kirk Seiffert
|
0-0: Ball 1-0: Fly out, F7 (Line Drive, 7, EV 85.0 MPH)
|
|
Batting: RHB Jorge Cruz
|
0-0: Ball 1-0: Called Strike 1-1: SINGLE (Groundball, 56D, EV 98.1 MPH)
|
|
Batting: LHB Jorge Quintana
|
0-0: Called Strike 0-1: Foul Ball, location: 2F 0-2: Ball 1-2: Foul Ball, location: 2F 1-2: Ground out U3 (Groundball, 3, EV 80.6 MPH) Jorge Cruz to second
|
|
Batting: RHB David Contreras
|
0-0: Ball 1-0: Ball 2-0: Ball 3-0: Called Strike 3-1: Swinging Strike 3-2: Foul Ball, location: 2F 3-2: Foul Ball, location: 2F 3-2: Ground out 4-3 (Groundball, 4, EV 101.9 MPH)
|
| Top of the 7th over - 0 runs, 1 hit, 0 errors, 1 left on base; Indianapolis 3 - Iowa 4 |
| BOTTOM OF THE 7TH |
|
Iowa Cubs batting - Pitching for Indianapolis Indians : RHP Juan Lucero
|
|
Pitching: LHP Martin Cotado
|
|
|
Batting: LHB J.D. Brenner
|
0-0: Called Strike 0-1: Swinging Strike 0-2: Ball 1-2: Strikes out swinging
|
|
Batting: LHB Rich Atterberry
|
0-0: Fly out, F8 (Flyball, 8RM, EV 86.9 MPH)
|
|
Batting: LHB Jose Mojica
|
0-0: Ball 1-0: Foul Ball, location: 2F 1-1: Swinging Strike 1-2: Ball 2-2: Strikes out looking
|
| Bottom of the 7th over - 0 runs, 0 hits, 0 errors, 0 left on base; Indianapolis 3 - Iowa 4 |
| TOP OF THE 8TH |
|
Indianapolis Indians batting - Pitching for Iowa Cubs : RHP Andy Temples
|
|
Batting: RHB Mike Cochran
|
0-0: Called Strike 0-1: Called Strike 0-2: Ball 1-2: Ball 2-2: Foul Ball, location: 2F 2-2: Ground out 6-3 (Groundball, 6MS, EV 70.6 MPH)
|
|
Batting: LHB Pat Sutton
|
0-0: Ball 1-0: Foul Ball, location: 2F 1-1: Swinging Strike 1-2: Foul Ball, location: 2F 1-2: Strikes out swinging
|
|
Batting: SHB Ben Myers
|
0-0: SINGLE (Groundball, 34D, EV 99.4 MPH)
|
|
Batting: RHB Bubba Tierney
|
0-0: Ball 1-0: Called Strike 1-1: Fly out, F7 (Line Drive, 7, EV 86.2 MPH)
|
| Top of the 8th over - 0 runs, 1 hit, 0 errors, 1 left on base; Indianapolis 3 - Iowa 4 |
| BOTTOM OF THE 8TH |
|
Iowa Cubs batting - Pitching for Indianapolis Indians : LHP Martin Cotado
|
|
Batting: LHB Barend van der Kamp
|
0-0: TRIPLE (Flyball, 78XD, EV 111.9 MPH)
|
|
Pitching: RHP Robby Granados
|
|
|
Batting: RHB Pat Barton
|
0-0: Foul Ball, location: 2F 0-1: Swinging Strike 0-2: Foul Ball, location: 2F 0-2: Foul Ball, location: 2F 0-2: Strikes out swinging
|
|
Batting: SHB Seung-ho Zhang
|
0-0: Swinging Strike 0-1: SINGLE (Line Drive, 5, EV 98.8 MPH) Barend van der Kamp scores
|
|
Batting: RHB Butch Koglin
|
0-0: Called Strike 0-1: Called Strike 0-2: Ball 1-2: Foul Ball, location: 2F 1-2: SINGLE (Groundball, 3D, EV 93.8 MPH) Seung-ho Zhang to second Runner from 2nd tries for 3rd, SAFE, throw by RF made to third
|
|
Batting: SHB Nick Chandler
|
0-0: Ball 1-0: Ball 2-0: Ball 3-0: Grounds into double play, 4-6-3 (Groundball, 34, EV 85.6 MPH)
|
| Bottom of the 8th over - 1 run, 3 hits, 0 errors, 1 left on base; Indianapolis 3 - Iowa 5 |
| TOP OF THE 9TH |
|
Indianapolis Indians batting - Pitching for Iowa Cubs : RHP Andy Temples
|
|
Pitching: LHP Shane Stratton
|
|
|
Now at 1B: Bobby Adams
|
|
|
Batting: LHB Marc Carter
|
0-0: Swinging Strike 0-1: Foul Ball, location: 2F 0-2: Ball 1-2: Ball 2-2: Strikes out swinging
|
|
Batting: RHB Kirk Seiffert
|
0-0: Ball 1-0: Called Strike 1-1: Ball 2-1: Foul Ball, location: 2F 2-2: DOUBLE (Line Drive, 89M, EV 98.8 MPH)
|
|
Batting: RHB Jorge Cruz
|
0-0: DOUBLE (Line Drive, 7LM, EV 103.8 MPH) Kirk Seiffert scores
|
|
Pinch Hitting: RHB Caleb Russell
|
0-0: Ball 1-0: Called Strike 1-1: Foul Ball, location: 2F 1-2: Ball 2-2: Ball 3-2: Fly out, F7 (Flyball, 78S, EV 80.0 MPH)
|
|
Batting: RHB David Contreras
|
0-0: Fly out, F4 (Popup, 34S, EV 78.8 MPH)
|
| Top of the 9th over - 1 run, 2 hits, 0 errors, 1 left on base; Indianapolis 4 - Iowa 5 |
|